 Dungeon Crawl Stone Soup version 0.25-a0-356-g7c9d860b3b (webtiles) character file.

Game seed: 8065361351061071935, levelgen mode: deterministic

321 Borgoz the Slasher (level 6, 0/38 HPs)
             Began as a Gargoyle Gladiator on Jan 3, 2020.
             Slain by a jackal (2 damage)
             ... on level 4 of the Dungeon.
             The game lasted 00:03:39 (3358 turns).

Borgoz the Slasher (Gargoyle Gladiator)             Turns: 3358, Time: 00:03:39

Health: 0/38       AC:  8    Str: 23 (25) XL:     6   Next: 46%
Magic:  6/6        EV: 12    Int:  8      God:
Gold:   223        SH:  0    Dex:  8 (11) Spells: 5/5 levels left

rFire    . . .     SeeInvis .   a - +0 long sword
rCold    . . .     Gourm    .   (no shield)
rNeg     + . .     Faith    .   b - +0 leather armour
rPois    ∞         Spirit   .   c - +0 helmet
rElec    +         Reflect  .   (no cloak)
rCorr    .         Harm     .   (no gloves)
MR       .....     Rnd*Tele +   (no boots)
Stlth    +.........             (no amulet)
HPRegen  0.12/turn              k - ring of teleportation (curse)
MPRegen  0.10/turn              o - +5 ring of strength

@: no status effects
A: negative energy resistance 1, electricity resistance, unbreathing,
petrification resistance, rot immunity, AC +4
a: no special abilities


You were on level 4 of the Dungeon.
You were not hungry.

You visited 1 branch of the dungeon, and saw 4 of its levels.

You collected 223 gold pieces.

Inventory:

Hand Weapons
 a - a +0 long sword (weapon)
Missiles
 d - 3 throwing nets (quivered)
Armour
 b - a +0 leather armour (worn)
 c - a +0 helmet (worn)
Jewellery
 k - a cursed ring of teleportation (left hand)
 o - a +5 ring of strength (right hand)
Scrolls
 e - 2 scrolls of remove curse {unknown}
 g - a scroll of amnesia {unknown}
 h - 2 scrolls of random uselessness {unknown}
 i - 2 scrolls of fear {unknown}
 j - 2 scrolls of identify {unknown}
 l - 3 scrolls of fog {unknown}
 m - a scroll of teleportation {unknown}
 n - 6 scrolls of magic mapping
 u - a scroll of immolation {unknown}
 w - 3 scrolls of noise {unknown}
Potions
 t - a potion of brilliance {unknown}
Comestibles
 f - 6 rations
 s - 5 chunks of flesh


   Skills:
 + Level 4.1 Fighting
 * Level 4.9 Long Blades
 - Level 1.7 Throwing
 + Level 3.1 Armour
 - Level 2.4 Dodging


You had 5 spell levels left.
You didn't know any spells.
Your spell library was empty.

Dungeon Overview and Level Annotations

Branches:
Dungeon (4/15)
 Temple: D:4-7

Altars:
Yredelemnul


Innate Abilities, Weirdness & Mutations

You are resistant to torment.
Your stone body is resilient. (AC +4)
You are immune to poison.
You resist negative energy. (rN+)
You are resistant to electric shocks. (rElec)
You can survive without breathing.
You are immune to petrification.
You are immune to rotting.


Message History

The orc wizard points at you and mumbles some strange words.
The puff of flame hits you but does no damage.
The jackal bites you but does no damage.
A leopard gecko comes into view.
The jackal bites you but does no damage.
The orc wizard looks satisfied for a moment.
A scorpion comes into view.
The orc wizard gestures at you while chanting.
The puff of frost hits you!
* * * LOW HITPOINT WARNING * * *
The leopard gecko misses you.
An orc comes into view. It is wielding a +0 whip.
The leopard gecko completely misses you.
The orc wizard looks braver for a moment.
The jackal closely misses you.
A scorpion comes into view.
The leopard gecko bites you but does no damage.
The howler monkey completely misses you.
The jackal bites you.
You die...

..
#.............#
#.#
#.............##
#..#
#..............#
#####..#
#...o..#...#...#
........
#)...#...#%# .
.....#
##o.Z###..#
....### #...#
.## ....#.####⌠
###hlo# .h
.........+
#.@.h#..s###
......####
###......#
#.##..# #.##s..+
..##..########
#.. ...#
...#..........
...#...#
##.##.........
.#.. #+..
.....#........
.# #.# ..
#.......##.#..
.#
.....)).......


You could see a scorpion, a howler monkey, an orc wizard, 2 orcs, a leopard
gecko, a jackal and a howler monkey skeleton.

Vanquished Creatures
  2 orc priests (D:4)
  2 orc wizards
  6 adders
  3 worms (D:2)
  2 dart slugs
  5 leopard geckos
  18 orcs
  10 bats
  6 giant cockroaches
  7 goblins
  14 hobgoblins
  10 jackals
  3 quokkas
  A ball python skeleton (D:4)
  8 frilled lizards
  4 kobolds
  11 rats
112 creatures vanquished.

Notes
Turn   | Place    | Note
-------+----------+-------------------------------------------
     0 | D:1      | Borgoz the Gargoyle Gladiator began the quest for the Orb.
     0 | D:1      | Reached XP level 1. HP: 12/12 MP: 1/1
   138 | D:1      | Reached XP level 2. HP: 12/18 MP: 2/2
   186 | D:1      | Reached skill level 1 in Armour
   563 | D:1      | Reached XP level 3. HP: 22/22 MP: 3/3
   970 | D:2      | Reached XP level 4. HP: 8/27 MP: 4/4
  1877 | D:2      | Found a basalt altar of Yredelemnul.
  2164 | D:3      | Reached XP level 5. HP: 30/32 MP: 5/5
  3053 | D:4      | Reached XP level 6. HP: 38/38 MP: 6/6
  3358 | D:4      | Slain by a jackal

Levels and vault maps discovered:
D:1:      ncdulo_watergridlock, layout_loops_ring, hangedman_feature_mirror,
          minmay_vboxes
D:2:      layout_loops_corners, yredelemnul_altar_generic
D:3:      layout_loops_ring, first_ration, minmay_quadrilaterals
D:4:      layout_rooms, temple_doors_ab, kennysheep_crisscross,
          minmay_fractal_squares_diagonal_5

Skill      XL: |  1  2  3  4  5  6 |
---------------+-------------------+-----
Long Blades    | 3 4 |  4.9
Armour         | 1 2 3 |  3.1
Fighting       | 3 4 |  4.1
Throwing       | |  1.7
Dodging        | |  2.4

Action                   |  1- 3 |  4- 6 || total
-------------------------+-------+-------++-------
Melee: Long sword        |    99 |   226 ||   325
  Use: Potion            |     1 |     4 ||     5
       Scroll            |       |     1 ||     1
 Stab: Sleeping          |     1 |     1 ||     2
  Eat: Chunk             |       |     9 ||     9
Armor: Leather armour    |    38 |   105 ||   143
Dodge: Dodged            |    82 |   179 ||   261
       Rpst.: Long sword |    28 |    57 ||    85

Table legend:
 A = Non-vault XP
 B = Vault XP
 C = Vault XP percentage of total XP
 D = Non-vault monster count
 E = Vault monster count
 F = Vault count percentage of total count
                 A         B        C        D         E       F
            +---------+---------+-------+---------+---------+-------
      Total |     439 |      20 |   4.4 |     101 |      11 |   9.8
            +---------+---------+-------+---------+---------+-------
        D:1 |      24 |      15 |  38.5 |      14 |       8 |  36.4
        D:2 |     115 |       0 |   0.0 |      25 |       0 |   0.0
        D:3 |     135 |       5 |   3.6 |      42 |       3 |   6.7
        D:4 |     165 |       0 |   0.0 |      20 |       0 |   0.0
            +---------+---------+-------+---------+---------+-------
